 Dungeon Crawl Stone Soup version 0.29.0-5-ge4962eb29e (webtiles) character file.

Game seed: 740814329865418311

664 voltaire321 the Sneak (level 7, -5/46 HPs)
             Began as an Octopode Earth Elementalist on Aug 29, 2022.
             Slain by a kobold brigand
             ... wielding a +0 club
              (7 damage)
             ... in a sewer.
             The game lasted 00:10:56 (4524 turns).

voltaire321 the Sneak (Octopode Earth Elementalist) Turns: 4524, Time: 00:10:56

Health: -5/46      AC:  1    Str:  7    XL:     7   Next: 57%
Magic:  4/12       EV: 14    Int: 19    God:
Gold:   75         SH:  0    Dex: 13    Spells: 6/12 levels left

rFire   . . .      SeeInvis .   l - +4 dagger (speed)
rCold   . . .      Faith    .   (no shield)
rNeg    . . .      Spirit   .   (helmet restricted)
rPois   .          Reflect  .   (no amulet)
rElec   .          Harm     .   (no ring)
rCorr   .          Rampage  .   (no ring)
Will    .....                   (no ring)
Stlth   ++++......              (no ring)
HPRegen 0.15/turn               (no ring)
MPRegen 0.13/turn               (no ring)
                                (no ring)
                                (no ring)

@: no status effects
A: almost no armour, amphibious, 8 rings, camouflage 1, gelatinous body 1,
(nimble swimmer 1), tentacles
a: no special abilities


You were in a sewer.
You visited 1 branch of the dungeon, and saw 4 of its levels.
You also visited: Sewer.

You collected 145 gold pieces.
You spent 70 gold pieces at shops.

Inventory:

Hand Weapons
 l - a +4 dagger of speed (weapon)
Jewellery
 d - a ring of fire
 j - an amulet of guardian spirit
Scrolls
 c - a scroll of poison {unknown}
 f - 2 scrolls of teleportation {unknown}
 g - 4 scrolls of identify
 h - a scroll of enchant armour {unknown}
 k - a scroll of acquirement {unknown}
Potions
 a - 2 potions of magic
 b - 7 potions of heal wounds
 e - 3 potions of curing
 i - a potion of lignification
 m - a potion of might {unknown}


   Skills:
 + Level 3.0 Fighting
 + Level 3.7 Dodging
 + Level 5.3 Stealth
 + Level 3.4 Spellcasting
 + Level 2.3 Conjurations
 - Level 2.0 Transmutations
 + Level 4.4 Earth Magic


You had 6 spell levels left.
You knew the following spells:

 Your Spells              Type           Power      Damage    Failure   Level
a - Sandblast             Erth           40%        2d10      2%          1
b - Passwall              Tmut/Erth      12%        N/A       6%          2
c - Stone Arrow           Conj/Erth      32%        3d9       11%         3

Your spell library contained the following spells:

 Spells                   Type           Power      Damage    Failure   Level
 Beastly Appendage        Tmut           20%        N/A       6%          1
 Wereblood                Tmut           10%        N/A       10%         2
 Blink                    Tloc           6%         N/A       22%         2
 Spider Form              Tmut/Pois      7%         N/A       28%         3
 Petrify                  Tmut/Erth      15%        N/A       36%         4
 Lesser Beckoning         Tloc           3%         N/A       41%         3
 Manifold Assault         Tloc           3%         N/A       99%         5


Dungeon Overview and Level Annotations

Branches:
Dungeon (4/15)              Sewer (1/1)
 Temple: D:4-7

Altars:
Hepliaklqana
Okawaru
Uskayaw

Shops:
D:3 *


Innate Abilities, Weirdness & Mutations

You cannot wear most types of armour.
You are amphibious.
You can wear up to eight rings at the same time.
Your skin changes colour to match your surroundings (Stealth+).
Your rubbery body absorbs attacks. (AC +1, EV +1)
((You are camouflaged when in or above water. (Stealth+)))
You have tentacles for arms and can constrict up to eight enemies at once.


Message History

The poisoned dart misses you.
Casting: Sandblast (safe; 2% risk of failure)
Confirm with . or Enter, or press ? or * to list all spells.
Aiming: Sandblast (safe; 2% risk of failure)
Press: ? - help, Shift-Dir - straight line, f - kobold
Aim: a kobold, wielding a +0 short sword and quivering stones (79% to hit)
The blast of sand hits the kobold.
You kill the kobold!
The kobold brigand splashes around in the water.
Casting: Sandblast (safe; 2% risk of failure)
Confirm with . or Enter, or press ? or * to list all spells.
Aiming: Sandblast (safe; 2% risk of failure)
Press: ? - help, Shift-Dir - straight line, f - kobold
Aim: a kobold, wielding a +0 dagger and quivering poisoned darts (79% to hit)
The blast of sand hits the kobold.
The kobold is heavily wounded.
The kobold brigand splashes around in the water.
The kobold closely misses you. The kobold brigand closely misses you.
The kobold hits you with a +0 dagger.
Casting: Sandblast (safe; 2% risk of failure)
Confirm with . or Enter, or press ? or * to list all spells.
Aiming: Sandblast (safe; 2% risk of failure)
Press: ? - help, Shift-Dir - straight line, f/p - kobold
Aim: a kobold, wielding a +0 dagger and quivering poisoned darts (heavily wounded, 79% to hit)
The blast of sand hits the kobold!
You kill the kobold!
The kobold brigand hits you with a +0 club!
You barely miss the kobold brigand. Your grab misses the kobold brigand.
The kobold brigand hits you with a +0 club!
* * * LOW HITPOINT WARNING * * *
Casting: Sandblast (safe; 2% risk of failure)
Confirm with . or Enter, or press ? or * to list all spells.
Aiming: Sandblast (safe; 2% risk of failure)
Press: ? - help, Shift-Dir - straight line, f - kobold brigand
Aim: a kobold brigand, wielding a +0 club and quivering poisoned darts (79% to hit)
The blast of sand misses the kobold brigand.
The kobold brigand hits you with a +0 club!
* * * LOW HITPOINT WARNING * * *
The kobold brigand hits you with a +0 club!
You die...

## #######. ##......#
##.~.....#
#.~≈~....##
#..~......# #...).†.#
####)#### #.~)@K).#
#..~~~~.# #.~≈≈≈~.#
#~~≈≈≈~.# #~~≈≈≈~.#
#.~~≈~~.# #.~~≈~..#
#############~.~≈~~~#
~~~~~~~~~~~~~~~~≈~~.#


You could see a kobold brigand.

Vanquished Creatures
  Edmund (D:4)
  2 phantoms (D:4)
  A kobold brigand (Sewer)
  4 jellies
  Natasha (twice) (D:2)
  5 adders
  A river rat (Sewer)
  A worm (D:2)
  2 dart slugs (D:2)
  3 orcs (D:3)
  17 endoplasms
  3 giant cockroaches
  11 goblins
  6 hobgoblins
  6 jackals
  4 quokkas
  4 ball pythons
  A frilled lizard (D:1)
  14 kobolds
  9 rats
97 creatures vanquished.

Vanquished Creatures (others)
  6 fungi (D:3)
  5 toadstools (D:3)
11 creatures vanquished.

Grand Total: 108 creatures vanquished

Notes
Turn   | Place    | Note
-------+----------+-------------------------------------------
     0 | D:1      | voltaire321 the Octopode Earth Elementalist began the quest
                  | for the Orb.
     0 | D:1      | Reached XP level 1. HP: 11/11 MP: 3/3
   153 | D:1      | Reached XP level 2. HP: 17/17 MP: 3/5
   240 | D:1      | Reached skill level 3 in Stealth
   600 | D:1      | Found a faded altar of an unknown god.
   600 | D:1      | Noticed an Executioner
  1287 | D:2      | Noticed Natasha
  1293 | D:2      | Killed Natasha
  1294 | D:2      | Reached skill level 1 in Fighting
  1294 | D:2      | Reached XP level 3. HP: 11/23 MP: 0/6
  1493 | D:2      | Reached XP level 4. HP: 28/28 MP: 3/7
  1891 | D:2      | Noticed Natasha
  1902 | D:2      | Killed Natasha
  2326 | D:2      | Reached XP level 5. HP: 33/33 MP: 5/8
  2659 | D:3      | Found a hazy altar of Hepliaklqana.
  2910 | D:3      | Learned a level 2 spell: Passwall
  2914 | D:3      | Learned a level 3 spell: Stone Arrow
  2978 | D:3      | Reached skill level 4 in Stealth
  2987 | D:3      | Reached skill level 1 in Conjurations
  2987 | D:3      | Reached XP level 6. HP: 21/39 MP: 0/10
  3254 | D:3      | Found Edamughis's General Store.
  3263 | D:3      | Bought a potion of heal wounds for 70 gold pieces
  3531 | D:3      | Found a hide-covered altar of Uskayaw.
  3627 | D:3      | Found an iron altar of Okawaru.
  4045 | D:4      | Noticed Edmund
  4053 | D:4      | Killed Edmund
  4159 | D:4      | Reached XP level 7. HP: 23/45 MP: 2/11
  4197 | D:4      | Reached skill level 5 in Stealth
  4357 | D:4      | Found a glowing drain.
  4362 | Sewer    | Entered a sewer
  4524 | Sewer    | HP: 2/46 [kobold brigand/+0 club (8)]
  4524 | Sewer    | Slain by a kobold brigand

Illustrated notes

Levels and vault maps discovered:
D:1:      minmay_arrival_open_corners, layout_basic,
          dreamdust_ecumenical_altar_sealed_demon, lemuel_flame_loot_1
D:2:      layout_loops_cross, uniq_natasha
D:3:      cheibrodos_fertilizer, layout_loops_corners,
          mainiacjoe_overflow_catwalk, mainiacjoe_overflow_catch_the_wave,
          serial_shops, nicolae_shop_statue_plus, chequers_serial_rivers_large_b
D:4:      layout_loops_ring, portal_sewer_entry_e, uniq_edmund
Sewer:    sewer_kobolds

Skill      XL: |  1  2  3  4  5  6  7 |
---------------+----------------------+-----
Stealth        | 3 4 5 |  5.3
Fighting       | 1 2 3 |  3.0
Transmutations | 2 |  2.0
Dodging        | 3 |  3.7
Conjurations   | 1 2 |  2.3
Spellcasting   | 3 |  3.4
Earth Magic    | 4 |  4.4

Action                   |  1- 3 |  4- 6 |  7- 9 || total
-------------------------+-------+-------+-------++-------
Melee: Short sword       |    15 |     4 |       ||    19
       Tentacles         |     2 |    10 |     5 ||    17
       Constrict         |     1 |     7 |     4 ||    12
       Dagger            |       |    32 |    23 ||    55
 Cast: Sandblast         |    24 |    59 |    15 ||    98
       Stone Arrow       |       |     4 |       ||     4
  Use: Scroll            |       |     2 |       ||     2
 Stab: Sleeping          |     2 |    10 |     4 ||    16
Armor: Skin              |       |     3 |     2 ||     5
Dodge: Dodged            |    14 |    21 |    18 ||    53
